SAA
BELVEDERE PARK RAWHIDES @ LANCASTER FARMERS
07/14/2026
 
TOP OF THE 1ST
Belvedere Park Rawhides batting - Pitching for Lancaster Farmers : RHP Paco Peña
Pitching: RHP Paco Peña
Batting: LHB Dan O'Day 0-0: Ball
1-0: Called Strike
1-1: Ball
2-1: Foul Ball, location: 2F
2-2: Fly out, F2 (Popup, 2L)
Batting: LHB José Pérez 0-0: Foul Ball, location: 2F
0-1: Ground out 4-3 (Groundball, 4M)
Batting: SHB Jason Alexander 0-0: Ball
1-0: Ball
2-0: Ball
3-0: Called Strike
3-1: Base on Balls
Batting: LHB António Serrano 0-0: Foul Ball, location: 2F
0-1: Ball
1-1: Foul Ball, location: 2F
1-2: Ball
2-2: Strikes out swinging
Top of the 1st over - 0 run(s), 0 hit(s), 0 error(s), 1 left on base; Belvedere Park 0 - Lancaster 0
BOTTOM OF THE 1ST
Lancaster Farmers batting - Pitching for Belvedere Park Rawhides : LHP Nick Mason
Pitching: LHP Nick Mason
Batting: RHB Augusto Encarnación 0-0: Ground out 5-3 (Groundball, 56S)
Batting: SHB Alfredo Sánchez 0-0: Ball
1-0: Ball
2-0: Ball
3-0: Called Strike
3-1: Called Strike
3-2: SINGLE (Line Drive, 6D)
Batting: RHB Wu-shiun Wang 0-0: Ball
1-0: Ball
2-0: Called Strike
2-1: Foul Ball, location: 2F
2-2: Strikes out looking
Batting: SHB Enrico Mejía 0-0: Called Strike
0-1: Ball
Wild Pitch!
Alfredo Sánchez to second
1-1: Ball
2-1: Swinging Strike
2-2: Ball
3-2: Ground out 5-3 (Groundball, 56)
Bottom of the 1st over - 0 run(s), 1 hit(s), 0 error(s), 1 left on base; Belvedere Park 0 - Lancaster 0
TOP OF THE 2ND
Belvedere Park Rawhides batting - Pitching for Lancaster Farmers : RHP Paco Peña
Batting: SHB Manuel González 0-0: Ball
1-0: Swinging Strike
1-1: Fly out, F8 (Flyball, 8RM)
Batting: RHB José Pérez 0-0: Called Strike
0-1: Ball
1-1: Ball
2-1: Swinging Strike
2-2: Fly out, F8 (Flyball, 8LM)
Batting: RHB D.C. Aiken 0-0: Called Strike
0-1: Ball
1-1: Ball
2-1: Foul Ball, location: 2F
2-2: Fly out, F7 (Line Drive, 7D)
Top of the 2nd over - 0 run(s), 0 hit(s), 0 error(s), 0 left on base; Belvedere Park 0 - Lancaster 0
BOTTOM OF THE 2ND
Lancaster Farmers batting - Pitching for Belvedere Park Rawhides : LHP Nick Mason
Batting: RHB José Alcalá 0-0: Ball
1-0: Called Strike
1-1: Ball
2-1: Swinging Strike
2-2: Reached on error, E5 (Groundball, 56)
Batting: LHB Luis Freitas 0-0: Ball
1-0: Called Strike
José Alcalá is caught stealing 2nd base
1-1: Ball
2-1: SINGLE (Line Drive, 4M)
Batting: RHB Dan Scott 0-0: Fielders Choice at 2nd, 5-4 (Groundball, 56)
Batting: RHB Howard Barton 0-0: SINGLE (Groundball, 6D)
Dan Scott to second
Batting: RHB Pedro Torres 0-0: Called Strike
0-1: Called Strike
0-2: Ball
1-2: Strikes out swinging
Bottom of the 2nd over - 0 run(s), 2 hit(s), 1 error(s), 2 left on base; Belvedere Park 0 - Lancaster 0
TOP OF THE 3RD
Belvedere Park Rawhides batting - Pitching for Lancaster Farmers : RHP Paco Peña
Batting: RHB Jesús Calderón 0-0: Ball
1-0: Called Strike
1-1: Fly out, F9 (Flyball, 9)
Batting: RHB Charles Rowell 0-0: Ball
1-0: Called Strike
1-1: Ball
2-1: SINGLE (Groundball, 34D)
Batting: LHB Dan O'Day 0-0: DOUBLE (Line Drive, 89S)
Charles Rowell to third
Batting: LHB José Pérez 0-0: Called Strike
0-1: Foul Ball, location: 2F
0-2: Ball
1-2: Foul Ball, location: 2F
1-2: Foul Ball, location: 2F
1-2: Ball
2-2: Strikes out swinging
Batting: SHB Jason Alexander 0-0: Called Strike
0-1: Foul Ball, location: 2F
0-2: SINGLE (Line Drive, 56D)
Charles Rowell scores
Dan O'Day to third
Runner from 3rd tries for Home, SAFE, no throw
Batting: LHB António Serrano 0-0: Ball
1-0: Swinging Strike
1-1: Fielders Choice at 2nd, 6-4 (Groundball, 6)
Top of the 3rd over - 2 run(s), 3 hit(s), 0 error(s), 0 left on base; Belvedere Park 2 - Lancaster 0
BOTTOM OF THE 3RD
Lancaster Farmers batting - Pitching for Belvedere Park Rawhides : LHP Nick Mason
Batting: RHB Augusto Encarnación 0-0: Ball
1-0: Swinging Strike
1-1: Called Strike
1-2: Strikes out looking
Batting: SHB Alfredo Sánchez 0-0: Called Strike
0-1: Ground out 4-3 (Groundball, 4S)
Batting: RHB Wu-shiun Wang 0-0: Fly out, F2 (Popup, 23)
Bottom of the 3rd over - 0 run(s), 0 hit(s), 0 error(s), 0 left on base; Belvedere Park 2 - Lancaster 0
TOP OF THE 4TH
Belvedere Park Rawhides batting - Pitching for Lancaster Farmers : RHP Paco Peña
Batting: SHB Manuel González 0-0: Swinging Strike
0-1: Foul Ball, location: 2F
0-2: SINGLE (Line Drive, 4D)
Batting: RHB José Pérez 0-0: Ball
1-0: Called Strike
Manuel González steals 2nd base
1-1: SINGLE (Groundball, 56D)
Manuel González to third
Batting: RHB D.C. Aiken Pickoff Throw to First - Out!
0-0: Called Strike
0-1: Called Strike
0-2: Ball
1-2: Ball
2-2: Fly out, F7 (Flyball, 78S)
Batting: RHB Jesús Calderón 0-0: Ball
1-0: Ball
2-0: Ball
3-0: Called Strike
3-1: Foul Ball, location: 2F
3-2: Fly out, F7 (Line Drive, 7)
Top of the 4th over - 0 run(s), 2 hit(s), 0 error(s), 1 left on base; Belvedere Park 2 - Lancaster 0
BOTTOM OF THE 4TH
Lancaster Farmers batting - Pitching for Belvedere Park Rawhides : LHP Nick Mason
Batting: SHB Enrico Mejía 0-0: Called Strike
0-1: Fly out, F6 (Popup, 56D)
Batting: RHB José Alcalá 0-0: Swinging Strike
0-1: Ball
1-1: Foul Ball, location: 2F
1-2: Foul Ball, location: 2F
1-2: Fly out, F3 (Line Drive, 34)
Batting: LHB Luis Freitas 0-0: Called Strike
0-1: Foul Ball, location: 2F
0-2: Ground out 4-3 (Groundball, 4M)
Bottom of the 4th over - 0 run(s), 0 hit(s), 0 error(s), 0 left on base; Belvedere Park 2 - Lancaster 0
TOP OF THE 5TH
Belvedere Park Rawhides batting - Pitching for Lancaster Farmers : RHP Paco Peña
Batting: RHB Charles Rowell 0-0: Called Strike
0-1: Ball
1-1: Swinging Strike
1-2: Strikes out swinging
Batting: LHB Dan O'Day 0-0: Foul Ball, location: 2F
0-1: Ball
1-1: Called Strike
1-2: Ball
2-2: Ball
3-2: Foul Ball, location: 2F
3-2: Ground out 1-3 (Groundball, 13S)
Batting: LHB José Pérez 0-0: Called Strike
0-1: Ball
1-1: Called Strike
1-2: Ball
2-2: Ball
3-2: Foul Ball, location: 2F
3-2: Ground out U3 (Groundball, 3S)
Top of the 5th over - 0 run(s), 0 hit(s), 0 error(s), 0 left on base; Belvedere Park 2 - Lancaster 0
BOTTOM OF THE 5TH
Lancaster Farmers batting - Pitching for Belvedere Park Rawhides : LHP Nick Mason
Batting: RHB Dan Scott 0-0: Fly out, F9 (Line Drive, 9D)
Batting: RHB Howard Barton 0-0: Fly out, F9 (Flyball, 9S)
Batting: RHB Pedro Torres 0-0: Foul Ball, location: 2F
0-1: Called Strike
0-2: Ball
1-2: Ball
2-2: DOUBLE (Flyball, 7LM)
Batting: RHB Augusto Encarnación 0-0: Ball
1-0: Ball
2-0: Ball
3-0: Called Strike
3-1: Fly out, F5 (Line Drive, 56)
Bottom of the 5th over - 0 run(s), 1 hit(s), 0 error(s), 1 left on base; Belvedere Park 2 - Lancaster 0
TOP OF THE 6TH
Belvedere Park Rawhides batting - Pitching for Lancaster Farmers : RHP Paco Peña
Batting: SHB Jason Alexander 0-0: Ball
1-0: Fly out, F7 (Flyball, 7S)
Batting: LHB António Serrano 0-0: Ball
1-0: Ground out U3 (Groundball, 3)
Batting: SHB Manuel González 0-0: Ball
1-0: Foul Ball, location: 2F
1-1: Swinging Strike
1-2: Ball
2-2: SINGLE (Groundball, 34D)
Batting: RHB José Pérez 0-0: Ball
1-0: Ball
2-0: SINGLE (Line Drive, 89S)
Manuel González to second
Batting: RHB D.C. Aiken 0-0: Ball
Wild Pitch!
Manuel González to third
José Pérez to second
1-0: Ball
2-0: Fly out, F9 (Flyball, 9S)
Top of the 6th over - 0 run(s), 2 hit(s), 0 error(s), 2 left on base; Belvedere Park 2 - Lancaster 0
BOTTOM OF THE 6TH
Lancaster Farmers batting - Pitching for Belvedere Park Rawhides : LHP Nick Mason
Batting: SHB Alfredo Sánchez 0-0: Foul Ball, location: 2F
0-1: Ball
1-1: Ball
2-1: Ball
3-1: Base on Balls
Batting: RHB Wu-shiun Wang 0-0: Ball
1-0: Called Strike
1-1: Ball
2-1: Ball
3-1: Swinging Strike
3-2: Base on Balls
Alfredo Sánchez to second
Batting: SHB Enrico Mejía 0-0: Called Strike
0-1: Fly out, F7 (Flyball, 7)
Batting: RHB José Alcalá 0-0: Grounds into double play, 4-6-3 (Groundball, 4)
Bottom of the 6th over - 0 run(s), 0 hit(s), 0 error(s), 1 left on base; Belvedere Park 2 - Lancaster 0
TOP OF THE 7TH
Belvedere Park Rawhides batting - Pitching for Lancaster Farmers : RHP Paco Peña
Batting: RHB Jesús Calderón 0-0: Swinging Strike
0-1: Ball
1-1: SINGLE (Line Drive, 5)
Pitching: LHP António Torrez
Batting: RHB Charles Rowell 0-0: Ball
1-0: Bunt missed!
1-1: Reached on error, E2 (Groundball, 25)
Jesús Calderón to third
Pinch Hitting: RHB Uchino Akahito 0-0: Intentional Walk
Pinch Hitting: RHB Victorino Navarro 0-0: Swinging Strike
0-1: Ball
1-1: SINGLE (Groundball, 6MD)
Jesús Calderón scores
Charles Rowell to third
Uchino Akahito to second
Batting: SHB Jason Alexander 0-0: Ball
1-0: Called Strike
1-1: Called Strike
1-2: Strikes out looking
Batting: LHB António Serrano 0-0: Ball
1-0: Foul Ball, location: 2F
1-1: Fly out, F9 (Flyball, 9LSF)
Runner from 3rd tags up, SCORES, no throw
Batting: SHB Manuel González 0-0: Called Strike
0-1: Ball
1-1: Foul Ball, location: 2F
1-2: Foul Ball, location: 2F
1-2: SINGLE (Groundball, 6MS) (infield hit)
Uchino Akahito to third
Victorino Navarro to second
Batting: RHB José Pérez 0-0: Called Strike
0-1: Foul Ball, location: 2F
0-2: Ball
1-2: Fielders Choice at 2nd, 5-4 (Groundball, 5)
Top of the 7th over - 2 run(s), 3 hit(s), 1 error(s), 2 left on base; Belvedere Park 4 - Lancaster 0
BOTTOM OF THE 7TH
Lancaster Farmers batting - Pitching for Belvedere Park Rawhides : LHP Nick Mason
Now at 2B: Victorino Navarro
Now in CF: Fernando Rutledge
Batting: LHB Luis Freitas 0-0: Ground out 3-1 (Groundball, 34)
Batting: RHB Dan Scott 0-0: Ball
1-0: Foul Ball, location: 2F
1-1: Fly out, F8 (Line Drive, 8RM)
Batting: RHB Howard Barton 0-0: Ball
1-0: Ball
2-0: Ball
3-0: Called Strike
3-1: Foul Ball, location: 2F
3-2: Base on Balls
Batting: RHB Pedro Torres 0-0: Foul Ball, location: 2F
0-1: Foul Ball, location: 2F
0-2: Ball
1-2: Ball
2-2: Ball
3-2: DOUBLE (Line Drive, 7)
Howard Barton to third
Howard Barton scores
Batting: RHB Augusto Encarnación 0-0: Ball
1-0: SINGLE (Flyball, 8LS)
Pedro Torres to third
Runner from 3rd tries for Home, SAFE, no throw
Batting: SHB Alfredo Sánchez 0-0: Ball
1-0: Fly out, F9 (Flyball, 9LS)
Bottom of the 7th over - 2 run(s), 2 hit(s), 0 error(s), 1 left on base; Belvedere Park 4 - Lancaster 2
TOP OF THE 8TH
Belvedere Park Rawhides batting - Pitching for Lancaster Farmers : LHP António Torrez
Batting: RHB D.C. Aiken 0-0: Ball
1-0: Ball
2-0: Foul Ball, location: 2F
2-1: Swinging Strike
2-2: Foul Ball, location: 2F
2-2: Ball
3-2: Foul Ball, location: 2F
3-2: Fly out, F4 (Popup, 34D)
Batting: RHB Jesús Calderón 0-0: Ball
1-0: Called Strike
1-1: Called Strike
1-2: Fly out, F9 (Flyball, 9)
Batting: RHB Charles Rowell 0-0: Fly out, F2 (Popup, 3S)
Top of the 8th over - 0 run(s), 0 hit(s), 0 error(s), 0 left on base; Belvedere Park 4 - Lancaster 2
BOTTOM OF THE 8TH
Lancaster Farmers batting - Pitching for Belvedere Park Rawhides : LHP Nick Mason
Pitching: LHP Drew Cullen
Batting: RHB Wu-shiun Wang 0-0: Fly out, F6 (Line Drive, 6)
Batting: SHB Enrico Mejía 0-0: Called Strike
0-1: Ball
1-1: Ball
2-1: Ball
3-1: SINGLE (Groundball, 56D)
Batting: RHB José Alcalá 0-0: Called Strike
0-1: Called Strike
0-2: Strikes out swinging
Batting: LHB Luis Freitas 0-0: Fly out, F7 (Flyball, 7LSF)
Bottom of the 8th over - 0 run(s), 1 hit(s), 0 error(s), 1 left on base; Belvedere Park 4 - Lancaster 2
TOP OF THE 9TH
Belvedere Park Rawhides batting - Pitching for Lancaster Farmers : LHP António Torrez
Batting: RHB Fernando Rutledge 0-0: Called Strike
0-1: Fly out, F8 (Line Drive, 78S)
Batting: RHB Victorino Navarro 0-0: Ball
1-0: Fly out, F9 (Flyball, 89S)
Pitching: RHP Kyle Lucas
Batting: SHB Jason Alexander 0-0: SOLO HOME RUN (Flyball, 9D), Distance : 452 ft
Batting: LHB António Serrano 0-0: Called Strike
0-1: Ball
1-1: Ball
2-1: Called Strike
2-2: Ball
3-2: Strikes out swinging
Top of the 9th over - 1 run(s), 1 hit(s), 0 error(s), 0 left on base; Belvedere Park 5 - Lancaster 2
BOTTOM OF THE 9TH
Lancaster Farmers batting - Pitching for Belvedere Park Rawhides : LHP Drew Cullen
Pitching: RHP Dino Moonglampers
Batting: RHB Dan Scott 0-0: Ball
1-0: Ball
2-0: Called Strike
2-1: Ball
3-1: Fly out, F9 (Flyball, 9S)
Batting: RHB Howard Barton 0-0: Ball
1-0: Ground out 5-3 (Groundball, 5S)
Batting: RHB Pedro Torres 0-0: Foul Ball, location: 2F
0-1: SINGLE (Groundball, 6D)
Batting: RHB Augusto Encarnación 0-0: Called Strike
0-1: Fly out, F7 (Line Drive, 7)
Bottom of the 9th over - 0 run(s), 1 hit(s), 0 error(s), 1 left on base; Belvedere Park 5 - Lancaster 2
Monday, March 20th, 2017 - OOTP Baseball 17.12 Build 75